Map: Pylon LE

Players

Hacienda

  • Race: Protoss Protoss
  • League: Grandmaster
  • Spawn Location: 5:00

Éclair - Winner!

  • Race: Zerg Zerg
  • League: Master
  • Spawn Location: 11:00

VOD

Have the link to the VOD?

Description

Time

  • Played on: Oct. 1, 2025, 10:03 a.m.
  • Length: 9:38
Show
View Real Time Build Order
Export as new Build Order

Hacienda Protoss 

Build Orders: 1 Gate Expand, Zealot Archon, Archon Drop, Dark Templar Rush 

Get SALT Encoding   

  12  0:00  Probe  
  13  0:12  Probe  
  14  0:20  Pylon  
  14  0:24  Probe  
  15  0:34  Probe  
  15  0:40  Gateway  
  15  0:42  Probe  
  16  0:48  Assimilator  
  17  0:53  Probe  
  18  1:05  Probe  
  19  1:17  Probe  
  20  1:25  Nexus  
  20  1:34  Cybernetics Core  
  20  1:38  Probe  
  21  1:44  Assimilator  
  21  1:50  Probe  
  22  1:55  Pylon  
  22  2:01  Probe  
  22  2:03  Adept  
  23  2:09  Probe  
  23  2:11  Warp Gate  
  26  2:17  Probe  
  27  2:23  Stalker  
  27  2:28  Twilight Council, Probe  
  30  2:38  Probe  
  30  2:40  Probe  
  32  2:50  Probe  
  32  2:51  Robotics Facility  
  33  2:52  Probe  
  34  3:02  Probe  
  34  3:04  Probe  
  36  3:14  Probe  
  36  3:16  Gateway  
  36  3:17  Probe  
  36  3:18  Dark Shrine  
  38  3:23  Gateway  
  39  3:27  Warp Prism  
  39  3:29  Gateway  
  38  3:39  Probe  
  38  3:40  Probe  
  42  3:45  Assimilator  
  42  3:46  Assimilator  
  42  3:51  Probe  
  42  3:53  Probe  
  42  3:55  Pylon  
  44  3:57  Pylon  
  44  4:03  Probe  
  44  4:05  Probe  
  46  4:15  Probe  
  47  4:17  Probe  
  48  4:27  Probe  
  48  4:29  Probe  
  48  4:31  Dark Templar x4  
  58  4:33  Pylon  
  58  4:39  Probe  
  58  4:41  Probe  
  60  5:01  Probe x2  
  60  5:02  Charge  
  60  5:05  Forge  
  62  5:09  Pylon  
  62  5:13  Probe x2  
  64  5:14  Pylon  
  64  5:15  Sentry x2, Nexus  
  64  5:17  Observer  
  68  5:23  Archon x2  
  68  5:25  Probe  
  68  5:27  Probe  
  71  5:30  Immortal, Protoss Ground Weapons Level 1  
  71  5:33  Shield Battery  
  71  5:38  Probe  
  71  5:39  Probe  
  76  5:46  Shield Battery  
  76  5:49  Probe  
  76  5:51  Probe  
  76  5:54  Gateway  
  76  5:55  Templar Archives  
  78  5:57  Probe  
  78  5:58  Sentry  
  78  5:59  Probe  
  82  6:06  Dark Templar, Probe  
  82  6:07  Probe  
  86  6:18  Immortal  
  86  6:23  Psionic Storm  
  86  6:26  Probe x2  
  90  6:48  High Templar  
  90  6:49  Zealot x3  
  98  6:55  Gateway x2  
  98  6:56  Immortal, Gateway  
  98  6:59  Probe  
  101  7:01  Assimilator  
  101  7:02  Assimilator  
  101  7:05  Pylon x2  
  101  7:07  Pylon  
  101  7:13  Pylon  
  101  7:14  Shield Battery  
  101  7:18  Gateway  
  101  7:19  Gateway  
  101  7:23  Probe x3  
  101  7:28  High Templar  
  101  7:29  High Templar  
  108  7:31  Zealot x3  
  108  7:35  Probe x2  
  108  7:36  Pylon  
  115  7:56  Stalker x2  
  115  7:57  Stalker x3  
  115  7:59  Shield Battery  
  115  8:03  Shield Battery  
  115  8:04  Photon Cannon  
  115  8:06  Photon Cannon  
  79  8:22  Stalker x7  
  79  8:24  Probe  
  76  8:28  Probe x2  
  76  8:33  Probe  
  77  8:40  Probe x2  
  80  8:44  Dark Templar  
  81  8:49  Zealot x5  
  89  8:59  Dark Templar  
  75  9:04  Stalker x2  
  69  9:13  Dark Templar  
  64  9:18  Probe x3  
  64  9:23  Sentry, Zealot  
  64  9:24  Zealot x4  
  81  9:32  Sentry x2  
Show
View Real Time Build Order
Export as new Build Order

Éclair Zerg - Winner!

Build Orders: Hatch First 

Get SALT Encoding   

  12  0:00  Drone  
  13  0:09  Drone  
  14  0:15  Drone, Extractor  
  15  0:22  Overlord  
  15  0:41  Drone  
  16  0:47  Hatchery  
  15  0:50  Drone  
  15  0:54  Drone  
  17  0:57  Drone  
  18  1:08  Extractor  
  17  1:13  Spawning Pool  
  17  1:14  Drone  
  17  1:19  Drone  
  18  1:28  Drone  
  19  1:37  Drone  
  20  1:56  Drone  
  20  1:59  Queen  
  20  2:00  Queen  
  20  2:01  Zergling x2  
  26  2:02  Overlord  
  26  2:11  Drone x2  
  28  2:20  Metabolic Boost  
  28  2:22  Drone x2  
  30  2:38  Drone, Hatchery  
  30  2:42  Queen  
  32  2:45  Zergling x2  
  32  2:48  Overlord  
  32  2:51  Drone  
  34  2:54  Drone  
  34  2:56  Drone  
  36  3:08  Drone  
  36  3:09  Drone, Overlord  
  36  3:10  Drone x3  
  41  3:14  Drone x2  
  41  3:18  Overlord  
  43  3:21  Drone  
  44  3:27  Queen  
  44  3:33  Roach Warren  
  44  3:34  Drone  
  46  3:37  Extractor  
  46  3:38  Drone x2  
  47  3:42  Drone  
  47  3:45  Lair  
  48  3:49  Drone  
  48  3:53  Queen  
  51  3:58  Zergling x8  
  55  4:05  Drone, Spore Crawler  
  55  4:08  Spore Crawler  
  55  4:09  Drone  
  55  4:13  Overlord  
  55  4:15  Roach  
  55  4:16  Spore Crawler  
  56  4:26  Roach x4  
  64  4:31  Roach  
  64  4:32  Overlord  
  64  4:35  Overlord  
  66  4:41  Roach x3  
  66  4:45  Overseer  
  68  4:54  Overseer  
  68  4:59  Drone x9  
  76  5:03  Drone x2  
  78  5:11  Drone x5  
  78  5:12  Drone  
  84  5:16  Extractor  
  83  5:22  Drone  
  83  5:23  Evolution Chamber  
  83  5:24  Extractor  
  82  5:31  Drone x3  
  82  5:32  Roach x2  
  89  5:36  Drone  
  89  5:39  Overlord  
  89  5:40  Overlord  
  89  5:42  Drone x2  
  89  5:51  Extractor x2  
  89  5:52  Overlord, Spire  
  89  5:54  Zerg Missile Weapons Level 1, Overlord  
  89  5:56  Drone x3  
  89  5:58  Drone x3  
  89  6:02  Drone  
  93  6:05  Drone x2  
  93  6:06  Drone x3  
  93  6:07  Drone  
  99  6:11  Ravager x2  
  99  6:12  Ravager  
  99  6:16  Overlord  
  102  6:22  Roach x5  
  108  6:32  Roach x3  
  114  6:33  Queen  
  114  6:34  Queen  
  114  6:35  Glial Reconstitution  
  114  6:36  Overlord  
  114  6:52  Overlord  
  114  6:57  Drone  
  114  7:02  Roach x8  
  130  7:09  Mutalisk x3  
  130  7:10  Hatchery  
  130  7:12  Mutalisk  
  130  7:15  Zergling x2  
  138  7:20  Mutalisk  
  140  7:23  Zergling x4  
  140  7:24  Ravager  
  140  7:28  Ravager  
  140  7:29  Zergling x4  
  146  7:30  Overlord x2  
  146  7:38  Overlord  
  140  7:58  Roach x11  
  140  7:59  Roach  
  140  8:01  Roach  
  140  8:02  Roach x2  
  137  8:21  Roach  
  137  8:22  Roach x4  
  145  8:30  Roach x8  
  159  8:38  Roach x7  
  173  8:45  Overseer  
  173  8:46  Overlord  
  173  8:56  Overlord  
  167  9:05  Roach x4  
  167  9:06  Overlord x2  
  167  9:07  Overlord, Overseer  
  175  9:16  Overlord  
  168  9:19  Overlord  
Tags
 
Add a new tag
Caveats
  • Supply blocks, unpowered buildings, or Contaminate may cause inaccurate times.
  • Supply counts are checked every 10 seconds.